[Event "FIDE Grand Swiss 2023"]
[Site "Villa Marina, Douglas, Isle of Man"]
[Date "2023.10.28"]
[Round "4.19"]
[White "Artemiev, Vladislav"]
[Black "Huschenbeth, Niclas"]
[Result "1-0"]
[WhiteElo "2697"]
[BlackElo "2605"]
[EventDate "2023.10.25"]
[ECO "A34"]
[PlyCount "81"]
[BlackFideId "24604747"]
[TimeControl "40/100 + 20/50 + 15 + 30s/move"]
[WhiteFideId "24101605"]

1.c4 c5 2.Nf3 Nf6 3.Nc3 e6 4.a3 d5 5.cxd5 exd5 6.d4 Nc6 7.Bg5 cxd4 8.Nxd4 Bc5 9.e3 O-O 10.Be2 Nxd4 11.exd4 Be7 12.O-O h6 13.Bf4 Ne4 14.Rc1 Be6 15.Nxe4 dxe4 16.Rc7 Bd5 17.Bb5 Bd6 18.Rd7 Qb6 19.Rxd6 Qxb5 20.Bxh6 Be6 21.d5 Bf5 22.Bc1 Rad8 23.Rxd8 Rxd8 24.Qd4 Rxd5 25.Qxa7 Bg4 26.Re1 Qe2 27.Qe3 Qxe1+ 28.Qxe1 Rd1 29.Kf1 Kf8 30.Qxd1 Bxd1 31.Ke1 Ba4 32.Kd2 f5 33.Kc3 Ke7 34.Kb4 Bd1 35.Kc5 Bb3 36.Kb6 Bd5 37.g3 Kd7 38.Bf4 g6 39.b4 Bc6 40.h4 Bd5 41.b5 1-0

[Event "FIDE Grand Swiss 2023"]
[Site "Villa Marina, Douglas, Isle of Man"]
[Date "2023.10.28"]
[Round "4.20"]
[White "Jumabayev, Rinat"]
[Black "Martirosyan, Haik M."]
[Result "1-0"]
[WhiteElo "2585"]
[BlackElo "2696"]
[EventDate "2023.10.25"]
[ECO "E01"]
[PlyCount "113"]
[BlackFideId "13306553"]
[TimeControl "40/100 + 20/50 + 15 + 30s/move"]
[WhiteFideId "13702661"]

1.d4 Nf6 2.c4 e6 3.g3 d5 4.Bg2 Be7 5.Nf3 O-O 6.Nc3 Nbd7 7.Qd3 a6 8.b3 b5 9.cxd5 exd5 10.O-O Bb7 11.Ne5 c6 12.Bf4 Nxe5 13.Bxe5 a5 14.Qc2 Nd7 15.Bf4 Nb6 16.Nd1 Bf6 17.Be3 Nc8 18.Nb2 Nd6 19.Rad1 b4 20.Na4 Nb5 21.f3 Nc7 22.Nc5 Ba6 23.Bf2 Be7 24.Rfe1 Bxc5 25.dxc5 Qf6 26.e4 Rfd8 27.f4 dxe4 28.Bxe4 Nb5 29.Bxh7+ Kh8 30.Bf5 Nc3 31.Rd7 Rxd7 32.Bxd7 Rd8 33.Re5 Qxe5 34.fxe5 Rxd7 35.e6 fxe6 36.Be1 Rd1 37.Qf2 Bd3 38.g4 Kg8 39.h3 Be4 40.Qh4 Bg6 41.Kf2 Kf7 42.Qh8 e5 43.Qb8 e4 44.Qe5 Rd3 45.h4 e3+ 46.Kg1 Rd4 47.Kh2 Nb5 48.h5 Bb1 49.g5 Rd5 50.Qxe3 Nd4 51.g6+ Kf6 52.Bh4+ Kf5 53.Kg3 Ne6 54.Qf2+ Ke5 55.Qb2+ Nd4 56.Qxb1 Nf5+ 57.Kh3 1-0

[Event "FIDE Grand Swiss 2023"]
[Site "Villa Marina, Douglas, Isle of Man"]
[Date "2023.10.28"]
[Round "4.21"]
[White "Fedoseev, Vladimir"]
[Black "Kuybokarov, Temur"]
[Result "1/2-1/2"]
[WhiteElo "2691"]
[BlackElo "2584"]
[EventDate "2023.10.25"]
[ECO "E64"]
[PlyCount "86"]
[BlackFideId "14203049"]
[TimeControl "40/100 + 20/50 + 15 + 30s/move"]
[WhiteFideId "24130737"]

1.d4 Nf6 2.c4 g6 3.g3 Bg7 4.Bg2 O-O 5.Nc3 d6 6.Nf3 c5 7.d5 e6 8.O-O exd5 9.cxd5 Re8 10.Re1 Nbd7 11.Bf4 Nh5 12.Bg5 Qc7 13.Rc1 a6 14.b4 h6 15.Bd2 Qd8 16.a3 b5 17.e4 Bb7 18.Rc2 Rc8 19.Qc1 Kh7 20.Bf1 Nhf6 21.h3 Re7 22.Qb1 Nb6 23.bxc5 Rxc5 24.a4 Nc4 25.Bc1 Qe8 26.axb5 Nxe4 27.bxa6 Bxa6 28.Nxe4 Rxe4 29.Rce2 Rxe2 30.Bxe2 Qc8 31.Qe4 Bb7 32.Qg4 Bxd5 33.Qxc8 Rxc8 34.Rd1 Be4 35.Bf4 d5 36.h4 f5 37.Ne1 d4 38.Nd3 Nb6 39.f3 Bd5 40.Be5 g5 41.Kf2 Bc4 42.hxg5 hxg5 43.f4 gxf4 1/2-1/2

[Event "FIDE Grand Swiss 2023"]
[Site "Villa Marina, Douglas, Isle of Man"]
[Date "2023.10.28"]
[Round "4.22"]
[White "Tari, Aryan"]
[Black "Grandelius, Nils"]
[Result "1/2-1/2"]
[WhiteElo "2619"]
[BlackElo "2689"]
[EventDate "2023.10.25"]
[ECO "B52"]
[PlyCount "66"]
[BlackFideId "1710400"]
[TimeControl "40/100 + 20/50 + 15 + 30s/move"]
[WhiteFideId "1510045"]

1.e4 c5 2.Nf3 d6 3.Bb5+ Bd7 4.Bxd7+ Nxd7 5.O-O e6 6.d3 Be7 7.a4 Ngf6 8.Re1 O-O 9.c3 Rc8 10.Na3 Nb8 11.Bd2 Nc6 12.h3 Nd7 13.Bf4 Nde5 14.Nxe5 dxe5 15.Bg3 Qc7 16.Nc4 Rfd8 17.Qd2 Rd7 18.Qe3 b6 19.f4 exf4 20.Bxf4 Qd8 21.Rad1 a6 22.Rf1 b5 23.axb5 axb5 24.Ne5 Nxe5 25.Bxe5 f6 26.Bg3 e5 27.Bf2 Bf8 28.Qe2 Qe8 29.Qc2 Qe6 30.Ra1 Rcd8 31.Rfd1 h6 32.Be3 Kh7 33.Rd2 Be7 1/2-1/2

[Event "FIDE Grand Swiss 2023"]
[Site "Villa Marina, Douglas, Isle of Man"]
[Date "2023.10.28"]
[Round "4.23"]
[White "Gukesh, D"]
[Black "Saric, Ivan"]
[Result "1/2-1/2"]
[WhiteElo "2758"]
[BlackElo "2647"]
[EventDate "2023.10.25"]
[ECO "E10"]
[PlyCount "87"]
[BlackFideId "14508150"]
[TimeControl "40/100 + 20/50 + 15 + 30s/move"]
[WhiteFideId "46616543"]

1.d4 Nf6 2.c4 e6 3.Nf3 d5 4.Nc3 Nbd7 5.Bg5 h6 6.Bh4 Be7 7.e3 O-O 8.Qc2 c5 9.cxd5 Nxd5 10.Bxe7 Qxe7 11.Nxd5 exd5 12.dxc5 Nxc5 13.Be2 Bg4 14.O-O Rac8 15.h3 Ne6 16.Qa4 Bf5 17.Rac1 a6 18.Rfd1 Rc5 19.Qb3 Rfc8 20.Rxc5 Rxc5 21.Bd3 Be4 22.Bxe4 dxe4 23.Nd2 Rb5 24.Qc2 Nc5 25.b3 Rb6 26.Nf1 Rc6 27.Ng3 Nd3 28.Qe2 Rg6 29.Qh5 Rf6 30.Rf1 Re6 31.Qd5 Re5 32.Qd4 f5 33.f3 Qc5 34.fxe4 fxe4 35.Qd8+ Kh7 36.Rf8 Qxe3+ 37.Kh2 Qc5 38.Rh8+ Kg6 39.Qg8 Qd6 40.Qh7+ Kf6 41.h4 Nf4 42.Qxe4 Nh5 43.Qf3+ Kg6 44.Nxh5 1/2-1/2

[Event "FIDE Grand Swiss 2023"]
[Site "Villa Marina, Douglas, Isle of Man"]
[Date "2023.10.28"]
[Round "4.24"]
[White "Aronian, Levon"]
[Black "Ponomariov, Ruslan"]
[Result "1/2-1/2"]
[WhiteElo "2742"]
[BlackElo "2641"]
[EventDate "2023.10.25"]
[ECO "C55"]
[PlyCount "111"]
[BlackFideId "14103320"]
[TimeControl "40/100 + 20/50 + 15 + 30s/move"]
[WhiteFideId "13300474"]

1.e4 e5 2.Nf3 Nc6 3.Bc4 Nf6 4.d3 h6 5.O-O d6 6.c3 g6 7.d4 Qe7 8.Re1 Bg7 9.h3 O-O 10.a4 a5 11.Na3 Kh8 12.Nb5 Na7 13.Bd3 Nxb5 14.axb5 Bd7 15.Be3 b6 16.c4 exd4 17.Bxd4 Be6 18.Qd2 Rad8 19.Qc3 Rg8 20.Re3 Nd7 21.Rae1 Kh7 22.b3 Bxd4 23.Nxd4 Qf6 24.Rf1 Qf4 25.Bc2 Rde8 26.Qd2 Nc5 27.Ne2 Qh4 28.f4 Bc8 29.e5 Rd8 30.Qc3 dxe5 31.fxe5 Rg7 32.Rf6 Ne6 33.Kh2 Qg5 34.Be4 Rd1 35.Bd5 Bd7 36.Bxe6 Bxe6 37.Nf4 Bf5 38.Nd5 h5 39.Rg3 Qh4 40.Qe3 Rd3 41.Qg5 Qxg5 42.Rxg5 Rxb3 43.Nxc7 a4 44.Ne8 Rg8 45.Rfxf5 Rxe8 46.Rxf7+ Kh6 47.h4 Rc3 48.Rf6 Rg8 49.Rxb6 Rxc4 50.Kh3 Rc5 51.e6 Rxg5 52.hxg5+ Kxg5 53.e7 Re8 54.Rb7 Kf6 55.b6 Kf7 56.Ra7 1/2-1/2

[Event "FIDE Grand Swiss 2023"]
[Site "Villa Marina, Douglas, Isle of Man"]
[Date "2023.10.28"]
[Round "4.25"]
[White "Yilmaz, Mustafa"]
[Black "Praggnanandhaa, R"]
[Result "1/2-1/2"]
[WhiteElo "2640"]
[BlackElo "2738"]
[EventDate "2023.10.25"]
[ECO "D26"]
[PlyCount "60"]
[BlackFideId "25059530"]
[TimeControl "40/100 + 20/50 + 15 + 30s/move"]
[WhiteFideId "6302718"]

1.d4 d5 2.c4 dxc4 3.Nf3 Nf6 4.e3 e6 5.Bxc4 c5 6.O-O Nc6 7.a3 a6 8.dxc5 Qxd1 9.Rxd1 Bxc5 10.b4 Be7 11.Bb2 O-O 12.Nbd2 Rd8 13.Be2 Bd7 14.Nb3 Be8 15.Rxd8 Nxd8 16.Rc1 Ne4 17.Ne5 Nd6 18.f4 Rc8 19.Rxc8 Nxc8 20.Nc4 Ba4 21.Nd4 Nd6 22.Nxd6 Bxd6 23.Bd3 Bc7 24.g3 Nc6 25.Nxc6 Bxc6 26.Kf2 f5 27.h3 h5 28.Be2 g6 29.g4 hxg4 30.hxg4 Kf7 1/2-1/2

[Event "FIDE Grand Swiss 2023"]
[Site "Villa Marina, Douglas, Isle of Man"]
[Date "2023.10.28"]
[Round "4.26"]
[White "Vachier-Lagrave, Maxime"]
[Black "Sargsyan, Shant"]
[Result "1/2-1/2"]
[WhiteElo "2727"]
[BlackElo "2631"]
[EventDate "2023.10.25"]
[ECO "C50"]
[PlyCount "67"]
[BlackFideId "13306766"]
[TimeControl "40/100 + 20/50 + 15 + 30s/move"]
[WhiteFideId "623539"]

1.e4 e5 2.Nf3 Nc6 3.Bc4 Nf6 4.d3 Bc5 5.c3 O-O 6.Bg5 Be7 7.Nbd2 Na5 8.Bb5 h6 9.Bh4 d6 10.Nf1 a6 11.Ba4 b5 12.Bc2 c5 13.Ne3 Be6 14.O-O Rc8 15.Nd2 Nc6 16.Bb3 Qd7 17.Bxf6 Bxf6 18.a4 Bg5 19.axb5 axb5 20.Nd5 Bxd2 21.Qxd2 Qb7 22.Qd1 Ne7 23.Nxe7+ Qxe7 24.Bxe6 Qxe6 25.Ra5 Rb8 26.Qc2 Rb7 27.h3 Rfb8 28.Rb1 g6 29.b4 Kg7 30.Qd2 Qc8 31.Kh2 Qc7 32.Qa2 cxb4 33.cxb4 Rc8 34.Qd5 1/2-1/2

[Event "FIDE Grand Swiss 2023"]
[Site "Villa Marina, Douglas, Isle of Man"]
[Date "2023.10.28"]
[Round "4.27"]
[White "Nihal, Sarin"]
[Black "Ter-Sahakyan, Samvel"]
[Result "1-0"]
[WhiteElo "2694"]
[BlackElo "2618"]
[EventDate "2023.10.25"]
[ECO "B50"]
[PlyCount "95"]
[BlackFideId "13302531"]
[TimeControl "40/100 + 20/50 + 15 + 30s/move"]
[WhiteFideId "25092340"]

1.e4 c5 2.Nf3 d6 3.Nc3 Nf6 4.Bb5+ Bd7 5.Qe2 a6 6.Bxd7+ Nbxd7 7.O-O e6 8.d3 b5 9.a4 b4 10.Nd1 Be7 11.b3 O-O 12.Bb2 d5 13.Nd2 Nb8 14.f4 Nc6 15.Ne3 Nd4 16.Qf2 Rc8 17.Rad1 Qc7 18.Rde1 Rfd8 19.Kh1 Qc6 20.exd5 Nxd5 21.Bxd4 cxd4 22.Nxd5 Rxd5 23.Nc4 Bf6 24.Qf3 h5 25.g3 g6 26.Kg2 Kg7 27.h3 Qc7 28.Qe4 Qd8 29.Rf3 Rcc5 30.Ref1 Qc7 31.R1f2 Rd8 32.Kf1 Rh8 33.Ke2 Qd7 34.Kd1 Qc7 35.Kc1 Qd7 36.Kb1 Qc7 37.Rf1 Qd7 38.Qe1 a5 39.Qd1 Qc7 40.Qe2 Qc6 41.g4 Qc7 42.Qd1 hxg4 43.hxg4 Rh2 44.g5 Bd8 45.Rh1 Rxh1 46.Qxh1 Kf8 47.Qh8+ Ke7 48.Qxd4 1-0

[Event "FIDE Grand Swiss 2023"]
[Site "Villa Marina, Douglas, Isle of Man"]
[Date "2023.10.28"]
[Round "4.28"]
[White "Sadhwani, Raunak"]
[Black "Xiong, Jeffery"]
[Result "1/2-1/2"]
[WhiteElo "2641"]
[BlackElo "2693"]
[EventDate "2023.10.25"]
[ECO "C42"]
[PlyCount "61"]
[BlackFideId "2047640"]
[TimeControl "40/100 + 20/50 + 15 + 30s/move"]
[WhiteFideId "35093487"]

1.e4 e5 2.Nf3 Nf6 3.Nxe5 d6 4.Nf3 Nxe4 5.d4 d5 6.Bd3 Be7 7.O-O Bf5 8.Re1 O-O 9.Nbd2 Nd6 10.Nf1 Bg6 11.Ne5 Bxd3 12.Nxd3 Re8 13.Bf4 Nd7 14.c3 c6 15.Qb3 Qc7 16.Qa3 Bf8 17.Rxe8 Nxe8 18.Bxc7 Bxa3 19.Bg3 Bf8 20.a4 a5 21.Ne3 Nd6 22.f3 Nc4 23.Kf2 Nxe3 24.Kxe3 f6 25.Kd2 Kf7 26.h4 g6 27.Bc7 Ra7 28.Bf4 Ra8 29.Bc7 Ra7 30.Bf4 Ra8 31.Bc7 1/2-1/2

[Event "FIDE Grand Swiss 2023"]
[Site "Villa Marina, Douglas, Isle of Man"]
[Date "2023.10.28"]
[Round "4.29"]
[White "Navara, David"]
[Black "Durarbayli, Vasif"]
[Result "1/2-1/2"]
[WhiteElo "2689"]
[BlackElo "2625"]
[EventDate "2023.10.25"]
[ECO "D12"]
[PlyCount "102"]
[BlackFideId "13402935"]
[TimeControl "40/100 + 20/50 + 15 + 30s/move"]
[WhiteFideId "309095"]

1.d4 d5 2.c4 c6 3.Nf3 Nf6 4.e3 Bf5 5.Nc3 e6 6.Nh4 Be4 7.f3 Bg6 8.Bd2 Be7 9.Nxg6 hxg6 10.Qc2 a5 11.g3 Na6 12.a3 O-O 13.Kf2 c5 14.dxc5 d4 15.exd4 Qxd4+ 16.Kg2 Bxc5 17.Bg5 Ba7 18.Rd1 Qc5 19.Bxf6 gxf6 20.Ne4 Qf5 21.Qc3 Kg7 22.b4 axb4 23.axb4 Qe5 24.Qxe5 fxe5 25.Rd7 Nxb4 26.c5 Nd5 27.Rxb7 Bb8 28.h4 Ra3 29.Kh3 Rxf3 30.Ng5 Rf6 31.Bc4 e4 32.Rhb1 Be5 33.Nxe6+ Rxe6 34.Bxd5 Ree8 35.R1b4 e3 36.Re4 Bc7 37.Rxe8 Rxe8 38.Rxc7 e2 39.Bxf7 Kf8 40.Bc4 e1=Q 41.Rf7+ Kg8 42.Re7+ Kf8 43.Rf7+ Kg8 44.Re7+ Kf8 45.Rxe1 Rxe1 46.c6 Rc1 47.Bd5 Rc5 48.Be4 Rc4 49.Bxg6 Rxc6 50.Be4 Rc3 51.Kg4 Rxg3+ 1/2-1/2

[Event "FIDE Grand Swiss 2023"]
[Site "Villa Marina, Douglas, Isle of Man"]
[Date "2023.10.28"]
[Round "4.30"]
[White "Kuzubov, Yuriy"]
[Black "Sargissian, Gabriel"]
[Result "1-0"]
[WhiteElo "2625"]
[BlackElo "2686"]
[EventDate "2023.10.25"]
[ECO "D37"]
[PlyCount "87"]
[BlackFideId "13300881"]
[TimeControl "40/100 + 20/50 + 15 + 30s/move"]
[WhiteFideId "14112906"]

1.d4 d5 2.c4 e6 3.Nf3 Nf6 4.Nc3 Be7 5.cxd5 exd5 6.Bf4 c6 7.e3 Nh5 8.Qc2 Nxf4 9.exf4 Bd6 10.g3 Nd7 11.Bd3 Nf6 12.O-O-O O-O 13.Ne5 Qa5 14.Kb1 Kh8 15.f3 Be6 16.f5 Bd7 17.Rhe1 Rae8 18.g4 Qd8 19.Qg2 Ng8 20.Qh3 Bc8 21.Qh5 Nf6 22.Qh3 Ng8 23.f4 Bb4 24.Bc2 Bxc3 25.bxc3 Nf6 26.g5 Ne4 27.Bxe4 dxe4 28.Nxf7+ Rxf7 29.g6 h6 30.gxf7 Re7 31.Qh5 Qf8 32.f6 Rxf7 33.fxg7+ Kxg7 34.Rg1+ Kh7 35.d5 cxd5 36.Rxd5 Rf6 37.Qe5 Rxf4 38.Rd8 Rf1+ 39.Rxf1 Qxf1+ 40.Kb2 Bf5 41.Rd6 Qg2+ 42.Ka3 Qg5 43.Rd1 Qg6 44.Rd5 1-0

[Event "FIDE Grand Swiss 2023"]
[Site "Villa Marina, Douglas, Isle of Man"]
[Date "2023.10.28"]
[Round "4.31"]
[White "Yakubboev, Nodirbek"]
[Black "Amin, Bassem"]
[Result "1-0"]
[WhiteElo "2616"]
[BlackElo "2680"]
[EventDate "2023.10.25"]
[ECO "D91"]
[PlyCount "71"]
[BlackFideId "10601457"]
[TimeControl "40/100 + 20/50 + 15 + 30s/move"]
[WhiteFideId "14203987"]

1.d4 Nf6 2.c4 g6 3.Nc3 d5 4.Nf3 Bg7 5.Bg5 Ne4 6.Bf4 Nxc3 7.bxc3 c5 8.e3 O-O 9.cxd5 cxd4 10.cxd4 Qxd5 11.Be2 Qa5+ 12.Qd2 Nc6 13.Qxa5 Nxa5 14.h4 Be6 15.h5 Rac8 16.h6 Bf6 17.Bd3 Rc3 18.Ke2 Rfc8 19.e4 Bc4 20.Bxc4 Rc2+ 21.Kd3 R8xc4 22.Bd2 Nc6 23.e5 Bh8 24.Rhc1 Nb4+ 25.Ke4 Rxc1 26.Rxc1 Rxc1 27.Bxc1 Nxa2 28.Bd2 e6 29.g4 f6 30.g5 fxe5 31.dxe5 b5 32.Nd4 b4 33.f4 Kf7 34.Kd3 Ke8 35.Kc4 Kd7 36.Bxb4 1-0

[Event "FIDE Grand Swiss 2023"]
[Site "Villa Marina, Douglas, Isle of Man"]
[Date "2023.10.28"]
[Round "4.32"]
[White "Nguyen, Thai Dai Van"]
[Black "Donchenko, Alexander"]
[Result "1-0"]
[WhiteElo "2618"]
[BlackElo "2676"]
[EventDate "2023.10.25"]
[ECO "D14"]
[PlyCount "61"]
[BlackFideId "24603295"]
[TimeControl "40/100 + 20/50 + 15 + 30s/move"]
[WhiteFideId "358878"]

1.c4 c6 2.d4 Nf6 3.Nc3 d5 4.cxd5 cxd5 5.Nf3 Nc6 6.Bf4 Bf5 7.e3 e6 8.Ne5 Nd7 9.Nxc6 bxc6 10.a3 Be7 11.Rc1 O-O 12.Na4 Bf6 13.Be2 e5 14.dxe5 Nxe5 15.O-O Re8 16.b4 Nc4 17.Nc5 Bb2 18.Bxc4 dxc4 19.Rxc4 Qxd1 20.Rxd1 Bxa3 21.Ra1 Bb2 22.Ra6 Red8 23.h3 Rd1+ 24.Kh2 Rc1 25.Rxc1 Bxc1 26.g4 Bc8 27.Ra2 Be6 28.Nxe6 fxe6 29.Be5 a6 30.Bc3 Rd8 31.Ra1 1-0

[Event "FIDE Grand Swiss 2023"]
[Site "Villa Marina, Douglas, Isle of Man"]
[Date "2023.10.28"]
[Round "4.33"]
[White "Matlakov, Maxim"]
[Black "Suleymanli, Aydin"]
[Result "1/2-1/2"]
[WhiteElo "2674"]
[BlackElo "2588"]
[EventDate "2023.10.25"]
[ECO "E48"]
[PlyCount "81"]
[BlackFideId "13413937"]
[TimeControl "40/100 + 20/50 + 15 + 30s/move"]
[WhiteFideId "4168003"]

1.d4 Nf6 2.c4 e6 3.Nc3 Bb4 4.e3 O-O 5.Bd3 d5 6.cxd5 exd5 7.a3 Bd6 8.Qc2 b6 9.Nb5 c5 10.b3 Re8 11.Nxd6 Qxd6 12.Ne2 Nbd7 13.Bb2 Bb7 14.O-O Rac8 15.dxc5 bxc5 16.Rad1 Qb6 17.Bf5 d4 18.Ng3 Bd5 19.Rd3 Qb7 20.f3 Rb8 21.exd4 Bxb3 22.Qc1 c4 23.Re3 Rxe3 24.Qxe3 Nd5 25.Qd2 N7b6 26.Ne4 Na4 27.Nc5 Qe7 28.Re1 Qd6 29.Nxa4 Bxa4 30.Be4 Bc6 31.Rc1 Nb6 32.d5 Bxd5 33.Qd4 f6 34.Rxc4 Qe6 35.Rc7 Bxe4 36.fxe4 a6 37.e5 Re8 38.Qe4 Rc8 39.Rxc8+ Nxc8 40.Qb7 fxe5 41.Bxe5 1/2-1/2

[Event "FIDE Grand Swiss 2023"]
[Site "Villa Marina, Douglas, Isle of Man"]
[Date "2023.10.28"]
[Round "4.34"]
[White "Mareco, Sandro"]
[Black "Bluebaum, Matthias"]
[Result "1/2-1/2"]
[WhiteElo "2606"]
[BlackElo "2668"]
[EventDate "2023.10.25"]
[ECO "A15"]
[PlyCount "69"]
[BlackFideId "24651516"]
[TimeControl "40/100 + 20/50 + 15 + 30s/move"]
[WhiteFideId "112275"]

1.c4 Nf6 2.Nf3 e6 3.Nc3 d5 4.e3 Bd6 5.b3 O-O 6.Bb2 c5 7.g4 Nc6 8.g5 Ne4 9.h4 a6 10.Bg2 Nxc3 11.Bxc3 dxc4 12.bxc4 e5 13.Nh2 Be6 14.Be4 f5 15.gxf6 Qxf6 16.f4 Nd4 17.Ng4 Qf7 18.O-O Qe7 19.Nxe5 Bxe5 20.Qh5 g6 21.Qxe5 Ne2+ 22.Kg2 Nxc3 23.Qxc3 Bh3+ 24.Kxh3 Qxe4 25.Qe5 Qxc4 26.Rfc1 Qd3 27.Rxc5 Qxd2 28.Rc7 Rf7 29.Rac1 Qxa2 30.Rc8+ Rxc8 31.Rxc8+ Rf8 32.Rc7 Rf7 33.Rc8+ Rf8 34.Rc7 Rf7 35.Rc8+ 1/2-1/2

[Event "FIDE Grand Swiss 2023"]
[Site "Villa Marina, Douglas, Isle of Man"]
[Date "2023.10.28"]
[Round "4.35"]
[White "Anton Guijarro, David"]
[Black "Petrosyan, Manuel"]
[Result "1/2-1/2"]
[WhiteElo "2653"]
[BlackElo "2604"]
[EventDate "2023.10.25"]
[ECO "C53"]
[PlyCount "61"]
[BlackFideId "13300857"]
[TimeControl "40/100 + 20/50 + 15 + 30s/move"]
[WhiteFideId "2285525"]

1.e4 e5 2.Nf3 Nc6 3.Bc4 Bc5 4.c3 Nf6 5.d4 exd4 6.e5 d5 7.Bb5 Ne4 8.cxd4 Bb6 9.Nc3 O-O 10.Be3 f5 11.exf6 Nxf6 12.h3 Ne7 13.g4 Ba5 14.O-O Bxc3 15.bxc3 Ne4 16.Ng5 Ng6 17.Nxe4 dxe4 18.f4 exf3 19.Bc4+ Kh8 20.Rxf3 Bd7 21.Qe2 Rxf3 22.Qxf3 Bc6 23.d5 Ne5 24.Qe4 Nxc4 25.dxc6 Nxe3 26.cxb7 Rb8 27.Qxe3 Rxb7 28.Re1 h6 29.Qe8+ Qxe8 30.Rxe8+ Kh7 31.Re5 1/2-1/2

[Event "FIDE Grand Swiss 2023"]
[Site "Villa Marina, Douglas, Isle of Man"]
[Date "2023.10.28"]
[Round "4.36"]
[White "Dardha, Daniel"]
[Black "Ivanchuk, Vasyl"]
[Result "1/2-1/2"]
[WhiteElo "2580"]
[BlackElo "2653"]
[EventDate "2023.10.25"]
[ECO "E07"]
[PlyCount "42"]
[BlackFideId "14100010"]
[TimeControl "40/100 + 20/50 + 15 + 30s/move"]
[WhiteFideId "240990"]

1.d4 Nf6 2.c4 e6 3.g3 d5 4.Bg2 Be7 5.Nf3 O-O 6.Nc3 c6 7.O-O Nbd7 8.Qd3 b6 9.e4 a5 10.Rd1 Ba6 11.exd5 cxd5 12.b3 Qc7 13.Nb5 Bxb5 14.cxb5 Rfc8 15.Bf4 Qc2 16.Qxc2 Rxc2 17.Ne1 Rc3 18.Bd2 Rc7 19.Bf4 Rc3 20.Bd2 Rc7 21.Bf4 Rc3 1/2-1/2

[Event "FIDE Grand Swiss 2023"]
[Site "Villa Marina, Douglas, Isle of Man"]
[Date "2023.10.28"]
[Round "4.37"]
[White "Bartel, Mateusz"]
[Black "Kozak, Adam"]
[Result "1-0"]
[WhiteElo "2651"]
[BlackElo "2566"]
[EventDate "2023.10.25"]
[ECO "C92"]
[PlyCount "75"]
[BlackFideId "753246"]
[TimeControl "40/100 + 20/50 + 15 + 30s/move"]
[WhiteFideId "1112635"]

1.e4 e5 2.Nf3 Nc6 3.Bb5 a6 4.Ba4 Nf6 5.O-O Be7 6.Re1 b5 7.Bb3 d6 8.c3 O-O 9.h3 a5 10.d4 a4 11.Bc2 Bd7 12.Na3 Rb8 13.d5 Na5 14.b4 axb3 15.axb3 c6 16.b4 Nb7 17.dxc6 Bxc6 18.Qe2 Qe8 19.Nh4 Nd8 20.Nf5 g6 21.Nxe7+ Qxe7 22.Bd3 Ne6 23.Nxb5 Bxb5 24.Bxb5 Nxe4 25.Bc6 d5 26.b5 Rfd8 27.Qe3 Qc5 28.Qxc5 N4xc5 29.Rxe5 d4 30.c4 d3 31.Be3 Nb3 32.Rd1 Nbd4 33.Bd5 Nxb5 34.cxb5 Rxb5 35.Rxd3 Nc7 36.Bxf7+ Kxf7 37.Rxb5 Rxd3 38.Rb7 1-0

[Event "FIDE Grand Swiss 2023"]
[Site "Villa Marina, Douglas, Isle of Man"]
[Date "2023.10.28"]
[Round "4.38"]
[White "Rodrigue-Lemieux, Shawn"]
[Black "Pichot, Alan"]
[Result "1/2-1/2"]
[WhiteElo "2488"]
[BlackElo "2650"]
[EventDate "2023.10.25"]
[ECO "B51"]
[PlyCount "104"]
[BlackFideId "110973"]
[TimeControl "40/100 + 20/50 + 15 + 30s/move"]
[WhiteFideId "2620049"]

1.e4 c5 2.Nf3 d6 3.Bb5+ Nd7 4.Ba4 Nf6 5.O-O e6 6.Re1 Be7 7.c3 a6 8.d4 b5 9.Bc2 Bb7 10.Nbd2 O-O 11.e5 dxe5 12.dxe5 Nd5 13.Ne4 Qc7 14.Neg5 g6 15.Qd2 Rfd8 16.Nxh7 Kxh7 17.Bxg6+ Kg8 18.Qh6 Nf8 19.Bc2 f5 20.g4 Qc6 21.gxf5 exf5 22.Bxf5 Nc7 23.Qxc6 Bxc6 24.Ng5 Rd5 25.Be4 Nfe6 26.Bxd5 Bxd5 27.h4 Kg7 28.Kh2 Rf8 29.Be3 Nxg5 30.hxg5 Ne6 31.Rad1 Bc6 32.Kg3 Kg6 33.f4 Rh8 34.Bf2 Kf5 35.Be3 Kg6 36.Rd2 Ng7 37.Bf2 Nf5+ 38.Kg4 Rh2 39.e6 c4 40.Re5 Rg2+ 41.Kh3 Bf3 42.b3 b4 43.Be1 Rg1 44.Rf2 Bc6 45.cxb4 c3 46.Rc2 Rh1+ 47.Kg4 Rg1+ 48.Kh3 Bd6 49.Rxc3 Rh1+ 50.Kg4 Rg1+ 51.Kh3 Rh1+ 52.Kg4 Rg1+ 1/2-1/2

[Event "FIDE Grand Swiss 2023"]
[Site "Villa Marina, Douglas, Isle of Man"]
[Date "2023.10.28"]
[Round "4.39"]
[White "Harikrishna, Pentala"]
[Black "Royal, Shreyas"]
[Result "1-0"]
[WhiteElo "2716"]
[BlackElo "2407"]
[EventDate "2023.10.25"]
[ECO "C78"]
[PlyCount "73"]
[BlackFideId "448869"]
[TimeControl "40/100 + 20/50 + 15 + 30s/move"]
[WhiteFideId "5007003"]

1.e4 e5 2.Nf3 Nc6 3.Bb5 a6 4.Ba4 Nf6 5.O-O b5 6.Bb3 Bc5 7.c3 d6 8.d4 Bb6 9.Be3 O-O 10.Nbd2 h6 11.h3 Re8 12.Re1 exd4 13.cxd4 Nb4 14.d5 c5 15.dxc6 Nxc6 16.Nf1 Be6 17.Ng3 Bxb3 18.axb3 Bxe3 19.Rxe3 d5 20.e5 Nd7 21.Qe2 d4 22.Re4 Nf8 23.Nf5 Ng6 24.N3xd4 Nxd4 25.Nxd4 Qd5 26.Re1 Rad8 27.Nf5 Qxb3 28.Qg4 Qxb2 29.h4 h5 30.Qxh5 Rd5 31.e6 Rxe6 32.Nh6+ gxh6 33.Qxd5 Rf6 34.Qc5 Nf4 35.Re8+ Kh7 36.Qf8 Nh3+ 37.Kh2 1-0

[Event "FIDE Grand Swiss 2023"]
[Site "Villa Marina, Douglas, Isle of Man"]
[Date "2023.10.28"]
[Round "4.40"]
[White "Van Foreest, Jorden"]
[Black "Svane, Frederik"]
[Result "0-1"]
[WhiteElo "2707"]
[BlackElo "2626"]
[EventDate "2023.10.25"]
[ECO "E05"]
[PlyCount "120"]
[BlackFideId "12923044"]
[TimeControl "40/100 + 20/50 + 15 + 30s/move"]
[WhiteFideId "1039784"]

1.d4 Nf6 2.c4 e6 3.g3 d5 4.Bg2 Be7 5.Nf3 O-O 6.O-O dxc4 7.h4 Nc6 8.Na3 Bxa3 9.bxa3 Qe7 10.Qc2 e5 11.dxe5 Nxe5 12.Nxe5 Qxe5 13.Bf4 Qc5 14.Be3 Qe7 15.Qxc4 Re8 16.Rfd1 c6 17.Qb4 Bg4 18.Rdb1 Bf5 19.Rb2 Qe6 20.Qxb7 Be4 21.Rc1 Bxg2 22.Kxg2 Nd5 23.Rb3 Rac8 24.Qxa7 Qg4 25.f3 Qg6 26.Qc5 Re5 27.Kf2 Rce8 28.Rcb1 f5 29.Qc4 Qe6 30.Bd4 Rxe2+ 31.Kg1 Re1+ 32.Kh2 Re2+ 33.Kg1 f4 34.g4 h5 35.Rb8 Re1+ 36.Kf2 Re2+ 37.Kg1 Re1+ 38.Kf2 Rxb1 39.Rxb1 hxg4 40.fxg4 Qxg4 41.Rg1 Qxh4+ 42.Kf3 g5 43.Qf1 Qh5+ 44.Kf2 Qh4+ 45.Kf3 Ne3 46.Qb1 g4+ 47.Ke2 Qh2+ 48.Kd3 Qh7+ 49.Kd2 Qxb1 50.Rxb1 g3 51.Bc5 Nd5 52.Re1 Kf7 53.a4 Ra8 54.Re4 Kf6 55.Rc4 Kf5 56.Ke2 Kg4 57.a3 Re8+ 58.Kd2 Kh3 59.Rc1 f3 60.Rf1 f2 0-1

[Event "FIDE Grand Swiss 2023"]
[Site "Villa Marina, Douglas, Isle of Man"]
[Date "2023.10.28"]
[Round "4.41"]
[White "Karthikeyan, Murali"]
[Black "Shevchenko, Kirill"]
[Result "1/2-1/2"]
[WhiteElo "2611"]
[BlackElo "2671"]
[EventDate "2023.10.25"]
[ECO "B32"]
[PlyCount "78"]
[BlackFideId "14129574"]
[TimeControl "40/100 + 20/50 + 15 + 30s/move"]
[WhiteFideId "5074452"]

1.e4 c5 2.Nf3 Nc6 3.d4 cxd4 4.Nxd4 e5 5.Nb5 d6 6.c4 g6 7.N1c3 a6 8.Na3 Be6 9.Be3 Nf6 10.Be2 Bg7 11.O-O O-O 12.Nc2 Rc8 13.b3 Qa5 14.Qe1 Rfd8 15.Nd5 Qxe1 16.Nxf6+ Bxf6 17.Raxe1 Nd4 18.Bxd4 exd4 19.Rd1 d5 20.Nxd4 dxc4 21.Nxe6 Rxd1 22.Rxd1 cxb3 23.axb3 fxe6 24.f4 Rd8 25.Rxd8+ Bxd8 26.Bc4 Kf7 27.f5 gxf5 28.exf5 Kf6 29.Bxe6 b5 30.Kf2 a5 31.Bd7 a4 32.bxa4 bxa4 33.Bxa4 Kxf5 34.Bc2+ Kg4 35.Bxh7 Bb6+ 36.Kf1 Bc7 37.Kg1 Kh4 38.g3+ Bxg3 39.hxg3+ Kxg3 1/2-1/2

[Event "FIDE Grand Swiss 2023"]
[Site "Villa Marina, Douglas, Isle of Man"]
[Date "2023.10.28"]
[Round "4.42"]
[White "Svane, Rasmus"]
[Black "Mendonca, Leon Luke"]
[Result "1-0"]
[WhiteElo "2646"]
[BlackElo "2622"]
[EventDate "2023.10.25"]
[ECO "D47"]
[PlyCount "85"]
[BlackFideId "35028561"]
[TimeControl "40/100 + 20/50 + 15 + 30s/move"]
[WhiteFideId "4657101"]

1.c4 c6 2.Nf3 d5 3.e3 Nf6 4.Nc3 e6 5.d4 Nbd7 6.Bd3 dxc4 7.Bxc4 b5 8.Bd3 Bb7 9.O-O a6 10.e4 c5 11.d5 Qc7 12.Qe2 c4 13.Bc2 Bd6 14.Re1 Ne5 15.Nxe5 Bxe5 16.f4 Bd4+ 17.Kh1 exd5 18.e5 Ne4 19.Nxd5 Bxd5 20.Bxe4 Rd8 21.e6 Qc6 22.Bxd5 Qxd5 23.Be3 Bxe3 24.e7 Rd7 25.Qxe3 h5 26.Qg3 h4 27.Qxg7 Qd4 28.Qg4 Rxe7 29.Qc8+ Qd8 30.Rxe7+ Kxe7 31.Re1+ Kf6 32.Qxa6+ Kg7 33.Qxb5 Qf6 34.Qxc4 Qxb2 35.h3 Rd8 36.f5 Qd4 37.Qe2 Ra8 38.Rf1 Qf6 39.Qg4+ Kf8 40.a4 Rd8 41.Rb1 Ra8 42.a5 Qe5 43.Qxh4 1-0